 Dungeon Crawl Stone Soup version 0.29.1-15-g9cfb28693d (webtiles) character file.

Game seed: 16246588316329960866

1504 dobroeutro the Basher (level 8, -3/46 HPs)
             Began as a Gargoyle Fighter on Apr 22, 2023.
             Was a Follower of Okawaru.
             Killed from afar by Dowan (21 damage)
             ... with a shard of ice
             ... on level 5 of the Dungeon.
             The game lasted 00:14:47 (6675 turns).

dobroeutro the Basher (Gargoyle Fighter)            Turns: 6675, Time: 00:14:47

Health: -3/46      AC: 14    Str: 31    XL:     8   Next: 82%
Magic:  7/8        EV: 10    Int:  6    God:    Okawaru [*.....]
Gold:   224        SH:  4    Dex:  7    Spells: 7/7 levels left

rFire   + . .      SeeInvis .   a - +1 flail (protect)
rCold   + . .      Faith    .   c - +0 buckler
rNeg    + . .      Spirit   .   m - +3 scale mail {Will+}
rPois   ∞          Reflect  .   q - +0 helmet
rElec   +          Harm     .   h - scarf {rC+ rF+}
rCorr   .          Rampage  .   (no gloves)
Will    +....                   o - +0 pair of boots
Stlth   ..........              (no amulet)
HPRegen 0.15/turn               (no ring)
MPRegen 0.11/turn               (no ring)

@: on berserk cooldown, slowed, very slow
A: sickness immunity, AC +5, negative energy resistance 1, electricity
resistance, torment resistance 1, petrification resistance, deformed body,
strong 2
a: Renounce Religion, Heroism


You were on level 5 of the Dungeon.
You worshipped Okawaru.
Okawaru was aware of your devotion.
You visited 2 branches of the dungeon, and saw 6 of its levels.

You collected 224 gold pieces.

Inventory:

Hand Weapons
 a - a +1 flail of protection (weapon)
Armour
 c - a +0 buckler (worn)
 h - a scarf of resistance (worn)
 j - a +0 tower shield
 k - a +0 kite shield
 m - a +3 scale mail of willpower (worn)
 o - a +0 pair of boots (worn)
 q - a +0 helmet (worn)
Wands
 b - a wand of polymorph (1)
 l - a wand of roots (5)
 p - a wand of flame (6)
Scrolls
 e - a scroll of enchant armour
Potions
 f - a potion of lignification {unknown}
 g - a potion of might
 i - a potion of curing
 n - a potion of cancellation


   Skills:
 - Level 3.2 Fighting
 + Level 9.7 Maces & Flails
 - Level 3.2 Armour
 - Level 3.4 Dodging
 - Level 2.1 Stealth
 - Level 3.2 Shields


You had 7 spell levels left.
You didn't know any spells.
Your spell library contained the following spells:

 Spells                   Type           Power      Damage    Failure   Level
 Magic Dart               Conj           0%         1d3       80%         1
 Mephitic Cloud           Conj/Pois/Air  0%         N/A       99%         3
 Airstrike                Air            0%         2d(0-16)  100%        4
 Lightning Bolt           Conj/Air       0%         1d11      100%        5
 Call Imp                 Summ           Unusable   N/A       N/A         2
 Summon Lightning Spire   Summ/Air       Unusable   N/A       N/A         4
 Summon Forest            Summ/Tloc      Unusable   N/A       N/A         5
 Summon Mana Viper        Hex/Summ       Unusable   N/A       N/A         5
 Summon Cactus Giant      Summ           Unusable   N/A       N/A         6

Dungeon Overview and Level Annotations

Branches:
Dungeon (5/15)             Temple (1/1) D:4

Altars:
Ashenzari
Elyvilon
Fedhas
Gozag
Hepliaklqana
Kikubaaqudgha
Makhleb
Nemelex Xobeh
Okawaru
Ru
Sif Muna
Trog
Uskayaw
Wu Jian
Xom
Yredelemnul
The Shining One

Annotations:
D:5 1 runed translucent door, Crazy Yiuf, Dowan


Innate Abilities, Weirdness & Mutations

You are immune to sickness and miasma.
Your stone body is resilient. (AC +5)
You are immune to poison.
You resist negative energy. (rN+)
You are resistant to electric shocks. (rElec)
You are resistant to unholy torment.
You are immune to petrification.
Armour fits poorly on your strangely shaped body.
Your muscles are very strong. (Str +8, Int/Dex -2)


Message History

You are no longer berserk.
You are exhausted.
You feel yourself slow down.
Dowan points at you and mumbles some strange words.
The stone arrow hits you. Dowan hits you with a +0 dagger.
Okay, then.
Okay, then.
You gain the combat prowess of a mighty hero.
Dowan hits you but does no damage. Dowan casts a spell at you.
The shard of ice hits you! You partially resist.
* * * LOW HITPOINT WARNING * * *
You feel better.
Dowan says, "How can I live without her?"
Dowan closely misses you.
Dowan breathes, "And she was my only..."
Dowan hits you but does no damage.
You miss Dowan.
Dowan mumbles some strange words.
Dowan blinks!
Dowan gestures wildly while chanting.
Dowan blinks!
Dowan breathes, "And she was my only..."
You block Dowan's attack.
You barely miss Dowan. Dowan barely misses you.
You bludgeon Dowan!!
Your weapon exudes an aura of protection.
Dowan is almost dead.
Dowan hits you but does no damage.
Dowan casts a spell.
Dowan blinks!
You feel like a meek peon again.
Dowan casts a spell.
Dowan blinks!
You barely miss Dowan.
Dowan is almost dead.
Dowan gestures at you while chanting. The shard of ice hits you!!
You partially resist.
You die...

#..#######.##..........†
#...........#........##.
##.##.......#...........
#..#.#####.#.......####
##.#.#.. #.#.......#
#.#.#.# #.#.......#
#†#.#.# #.#.......#
#.#.#e#.#.######.##
#.#.#@#.#.#..
#.#.#.#.#.#.####.# #.#
#.#.#.#......# #.#
#.#.#........# #.#
#)#.#......#.# #.#
#.#.#........# #.#
#.#....#...### ## #.#
#............ #.
#.#..[....###.#.#####.


You could see Dowan (fast).

Vanquished Creatures
  Pikel (D:5)
  Menkaure (D:4)
  Duvessa (D:5)
  A black bear (D:4)
  An ogre (D:3)
  2 lemures (D:5)
  A scorpion (D:4)
  A hound (D:4)
  6 iguanas (D:5)
  Jessica (D:3)
  Terence (D:2)
  3 orc wizards
  Robin (D:3)
  3 gnolls
  9 adders
  A shadow imp (D:5)
  A white imp (D:5)
  An ufetubus (D:5)
  3 worms
  A dart slug (D:2)
  14 orcs
  5 endoplasms
  4 giant cockroaches
  26 goblins
  7 hobgoblins
  5 quokkas
  6 ball pythons
  6 bats
  2 frilled lizards
  3 kobolds
  3 rats
121 creatures vanquished.

Vanquished Creatures (others)
  8 fungi (D:4)
  12 plants (D:2)
20 creatures vanquished.

Grand Total: 141 creatures vanquished

Notes
Turn   | Place    | Note
-------+----------+-------------------------------------------
     0 | D:1      | dobroeutro the Gargoyle Fighter began the quest for the
                  | Orb.
     0 | D:1      | Reached XP level 1. HP: 14/14 MP: 1/1
   325 | D:1      | Reached XP level 2. HP: 7/19 MP: 2/2
   566 | D:1      | Reached skill level 3 in Maces & Flails
  1102 | D:1      | Reached XP level 3. HP: 23/23 MP: 3/3
  1997 | D:1      | Reached skill level 4 in Maces & Flails
  1997 | D:1      | Reached XP level 4. HP: 6/28 MP: 4/4
  2307 | D:2      | Found a faded altar of an unknown god.
  2814 | D:2      | Noticed Terence
  2829 | D:2      | Killed Terence
  2830 | D:2      | Reached skill level 1 in Dodging
  2830 | D:2      | Reached XP level 5. HP: 25/32 MP: 5/5
  3308 | D:3      | Gained mutation: Your large and strong wings let you fly.
                  | [potion of mutation]
  3347 | D:3      | Reached skill level 5 in Maces & Flails
  3347 | D:3      | Reached skill level 1 in Stealth
  3559 | D:3      | Noticed an ogre
  3592 | D:3      | Killed an ogre
  3593 | D:3      | Reached XP level 6. HP: 30/37 MP: 6/6
  3778 | D:3      | Noticed Jessica
  3786 | D:3      | Killed Jessica
  3810 | D:3      | Noticed Robin
  3827 | D:3      | Reached skill level 6 in Maces & Flails
  3844 | D:3      | Killed Robin
  4211 | D:4      | Noticed a black bear
  4264 | D:4      | Found a burning altar of Makhleb.
  4275 | D:4      | Found a staircase to the Ecumenical Temple.
  4286 | Temple   | Entered the Ecumenical Temple
  4380 | Temple   | Became a worshipper of Warmaster Okawaru
  4622 | D:4      | Reached XP level 7. HP: 41/41 MP: 7/7
  4745 | D:4      | Noticed Menkaure
  4794 | D:4      | Killed Menkaure
  4795 | D:4      | Reached skill level 7 in Maces & Flails
  5498 | D:5      | Entered Level 5 of the Dungeon
  5634 | D:5      | Lost mutation: Your large and strong wings let you fly.
                  | [potion of mutation]
  5634 | D:5      | Gained mutation: You are somewhat resistant to further
                  | mutation. [potion of mutation]
  5634 | D:5      | Gained mutation: Your body sometimes deteriorates upon
                  | taking damage. [potion of mutation]
  5764 | D:5      | Noticed Pikel
  5803 | D:5      | Killed Pikel
  5803 | D:5      | Reached * piety under Okawaru
  5804 | D:5      | Reached skill level 9 in Maces & Flails
  5804 | D:5      | Reached XP level 8. HP: 22/46 MP: 8/8
  5806 | D:5      | Lost mutation: You are somewhat resistant to further
                  | mutation. [potion of mutation]
  5806 | D:5      | Lost mutation: Your body sometimes deteriorates upon taking
                  | damage. [potion of mutation]
  5806 | D:5      | Gained mutation: Your muscles are strong. (Str +4, Int/Dex
                  | -1) [potion of mutation]
  5806 | D:5      | Gained mutation: Armour fits poorly on your strangely
                  | shaped body. [potion of mutation]
  5806 | D:5      | Gained mutation: Your muscles are very strong. (Str +8,
                  | Int/Dex -2) [potion of mutation]
  6544 | D:5      | Found a runed translucent door.
  6545 | D:5      | Noticed Crazy Yiuf
  6652 | D:5      | Noticed Duvessa
  6652 | D:5      | Noticed Dowan
  6658 | D:5      | Killed Duvessa
  6675 | D:5      | Killed from afar by Dowan

Illustrated notes

Levels and vault maps discovered:
D:1:      minmay_arrival_semitransparent, layout_loops_corners,
          minmay_hedge_maze, nicolae_wormholes
D:2:      layout_loops_ring, ebering_ecumenical_altar_petrified,
          nicolae_grassy_gnolls, uniq_terence
D:3:      layout_loops_ring, amcnicky_mini_pool_small, minmay_ogre_servants,
          uniq_jessica, uniq_robin
D:4:      layout_cave_pods, mainiacjoe_overflow_cross_hatched,
          minmay_temple_entry_stoned_glass, uniq_menkaure
D:5:      layout_basic, uniq_crazy_yiuf_cottage, uniq_duvessa, uniq_pikel
Temple:   nicolae_temple_bog_church

Skill      XL: |  1  2  3  4  5  6  7 |
---------------+----------------------+-----
Maces & Flails | 3 4 5 6 9 |  9.7
Dodging        | 1 2 3 |  3.4
Stealth        | 1 2 |  2.1
Fighting       | |  3.2
Armour         | |  3.2
Shields        | |  3.2

Action                   |  1- 3 |  4- 6 |  7- 9 || total
-------------------------+-------+-------+-------++-------
Melee: Flail             |   111 |   211 |   183 ||   505
Invok: Heroism           |       |       |     1 ||     1
  Use: Potion            |       |     3 |     8 ||    11
       Scroll            |       |     7 |     4 ||    11
Armor: Scale mail        |    58 |   122 |    86 ||   266
Dodge: Dodged            |    65 |    78 |    70 ||   213
Block: Buckler           |    24 |    45 |    22 ||    91
